 Dungeon Crawl Stone Soup version 0.25.1-2-g60ff931df9 (webtiles) character file.

Game seed: 14065311586296044406

3549 KyoPewz the Zephyrmancer (level 10, 0/56 HPs)
             Began as a Tengu Air Elementalist on Oct 3, 2020.
             Was a Believer of Vehumet.
             Slain by a killer bee (4 damage)
             ... on level 10 of the Dungeon.
             The game lasted 00:42:27 (12297 turns).

KyoPewz the Zephyrmancer (Tengu Air Elementalist)  Turns: 12297, Time: 00:42:27

Health: 0/56       AC:  5    Str: 11    XL:     10   Next: 9%
Magic:  0/21       EV: 18    Int: 17    God:    Vehumet [**....]
Gold:   467        SH:  0    Dex: 14    Spells: 13/23 levels left

rFire    . . .     SeeInvis .   y - +1 spear (vamp) {!w}
rCold    . . .     Gourm    .   (no shield)
rNeg     . . .     Faith    .   a - +0 robe
rPois    .         Spirit   .   s - +2 hat
rElec    .         Reflect  .   p - +0 cloak
rCorr    .         Harm     .   (no gloves)
MR       .....                  (boots unavailable)
Stlth    ++........             (no amulet)
HPRegen  0.18/turn              r - +4 ring of evasion
MPRegen  0.17/turn              (no ring)

@: lethally poisoned (0 -> -15), very slightly contaminated
A: beak, talons 3, able to fly
a: Fly, Renounce Religion


You were on level 10 of the Dungeon.
You worshipped Vehumet.
Vehumet was pleased with you.
You were not hungry.

You visited 2 branches of the dungeon, and saw 11 of its levels.

You collected 467 gold pieces.

Inventory:

Hand Weapons
 k - a +0 dagger
   (You took it off a goblin on level 2 of the Dungeon)
 y - a +1 vampiric spear (weapon) {!w}
   (You took it off a gnoll sergeant on level 8 of the Dungeon)
 F - a +0 hand axe of electrocution
   (You found it on level 9 of the Dungeon)
 G - a +0 trident
   (You took it off an orc on level 9 of the Dungeon)
Missiles
 D - a throwing net (quivered) {!f}
Armour
 a - a +0 robe (worn)
 j - a +0 tower shield
   (You took it off a hobgoblin on level 2 of the Dungeon)
 o - a +0 ring mail
   (You found it on level 3 of the Dungeon)
 p - a +0 cloak (worn)
   (You found it on level 4 of the Dungeon)
 s - a +2 hat (worn)
   (You found it on level 4 of the Dungeon)
Magical Staves
 d - an uncursed staff of cold
   (You found it on level 5 of the Dungeon)
Jewellery
 f - an uncursed amulet of faith {!P}
   (You found it on level 3 of the Dungeon)
 r - a +4 ring of evasion (left hand)
   (You found it on level 4 of the Dungeon)
Wands
 w - a wand of clouds (4)
   (You found it on level 5 of the Dungeon)
 x - a wand of acid (12)
   (You found it on level 5 of the Dungeon)
Scrolls
 c - 2 scrolls of enchant armour
 h - 2 scrolls of identify {@r1}
 n - a scroll of remove curse {@r2}
 u - 4 scrolls of fear
 v - a scroll of teleportation {@r4}
 C - 3 scrolls of blinking
Potions
 b - a potion of heal wounds {unknown}
 g - 3 potions of might
 i - a potion of magic
 l - a potion of cancellation
 m - 2 potions of curing {@q1}
 q - a potion of lignification {!q}
 t - 2 potions of haste {@q3}
 z - a potion of stabbing
 A - a potion of resistance
 B - a potion of invisibility {unknown}
Comestibles
 e - 11 rations {!d}


   Skills:
 + Level 3.2 Fighting
 + Level 4.3 Dodging
 - Level 2.0 Stealth
 + Level 7.2 Spellcasting
 + Level 10.0 Conjurations
 + Level 10.7 Air Magic


You had 13 spell levels left.
You knew the following spells:

 Your Spells              Type           Power        Failure   Level  Hunger
a - Shock                 Conj/Air       ####         1%          1    None
b - Airstrike             Air            #####.....   1%          4    ####...
c - Lightning Bolt        Conj/Air       #####.....   4%          5    #####..

Your spell library contained the following spells:

 Spells                   Type           Power        Failure   Level  Hunger
 Freeze                   Ice            #...         12%         1    None
 Swiftness                Chrm/Air       ###.....     1%          2    None
 Static Discharge         Conj/Air       #####...     1%          3    ##.....
 Dazzling Flash           Conj/Hex       ###...       4%          3    ##.....
 Animate Skeleton         Necr           N/A          12%         1    None
 Apportation              Tloc           #.....       12%         1    None
 Corona                   Hex            #......      12%         1    None
 Summon Small Mammal      Summ           #...         12%         1    None
 Ensorcelled Hibernation  Hex/Ice        #.....       17%         2    None
 Confusing Touch          Hex            #.......     34%         3    ##.....
 Tukima's Dance           Hex            #.......     34%         3    ##.....


Dungeon Overview and Level Annotations

Branches:
Dungeon (10/15)            Temple (1/1) D:7
   Lair: D:8-11         Orc: D:9-12

Altars:
Ashenzari
Cheibriados
Dithmenos
Elyvilon
Fedhas
Gozag
Hepliaklqana
Kikubaaqudgha
Makhleb
Nemelex Xobeh
Okawaru
Qazlal
Ru
Sif Muna
Trog
Uskayaw
Vehumet
Wu Jian
Xom
Yredelemnul
Zin
The Shining One

Shops:
D:6 *

Annotations:
D:4 1 runed translucent door yusef with cloak of preservation, Crazy Yiuf
D:8 Gastronok


Innate Abilities, Weirdness & Mutations

You have a beak for a mouth.
You have claws for feet.
You can fly continuously.


Message History

You barely miss the queen bee. The killer bee misses you.
The killer bee completely misses you.
The queen bee calls on the killer bee to defend it!
The killer bee goes berserk!
The killer bee barely misses you.
You barely miss the queen bee. The killer bee closely misses you. x2
The queen bee stings you. The killer bee stings you!
You are poisoned.
The killer bee poisons you!
You hit the queen bee.
You feel sick. The killer bee misses you. The killer bee completely misses you.
The queen bee stings you.
You are more poisoned.
The queen bee poisons you! The killer bee misses you.
You hear an angry buzzing noise.
You hit the queen bee.
You feel very sick. The killer bee misses you.
The killer bee closely misses you. x2
The queen bee barely misses you. The killer bee misses you.
You barely miss the queen bee. Your kick misses the queen bee.
You feel sick. The killer bee completely misses you.
The killer bee barely misses you. The queen bee stings you!
* * * LOW HITPOINT WARNING * * *
You are lethally poisoned!
The queen bee poisons you! The killer bee closely misses you.
The queen bee barely misses you.
You feel better. The killer bee completely misses you.
The killer bee closely misses you.
A killer bee comes into view.
The killer bee misses you. The queen bee closely misses you.
The killer bee buzzes angrily.
You hit the queen bee but do no damage.
You hear an angry buzzing noise. x2
The killer bee stings you.
* * * LOW HITPOINT WARNING * * *
The killer bee stings you but does no damage.
The killer bee completely misses you. The queen bee barely misses you.
Aim: a killer bee (berserk)
The air twists around and violently strikes the killer bee!!
The killer bee completely misses you. The killer bee misses you.
The killer bee closely misses you. The queen bee misses you.
You closely miss the killer bee. Your kick misses the killer bee.
The killer bee barely misses you. x3; The queen bee stings you!
* * * LOW HITPOINT WARNING * * *
You are poisoned.
The queen bee poisons you!
You barely miss the killer bee. You peck the killer bee.
* * * LOW HITPOINT WARNING * * *
You feel sick. The killer bee stings you!
* * * LOW HITPOINT WARNING * * *
The killer bee stings you.
You die...
PPPPP ...... ...... ###.PPPPP

#.'....y.
###.'.....y ## #..y#
###. #.yy# #..<
#..@# #.#. #...#
#.#. #...########
#.#.
#..........######.#.
#..........#......#.
#............######.
#..........### ##
#######.#### #..#


You could see a queen bee and 2 killer bees.

Vanquished Creatures
  Grinder (D:4)
  A hungry ghost (D:7)
  Menkaure (D:4)
  A water moccasin (D:8)
  An orc warrior (D:5)
  4 ice beasts
  A phantom (D:6)
  2 sky beasts
  2 ogres
  A centaur (D:6)
  A bullfrog (D:5)
  A big kobold (D:8)
  A gnoll sergeant (D:8)
  2 scorpions
  14 killer bees
  A howler monkey (D:5)
  3 crimson imps
  A quasit (D:10)
  A hound (D:6)
  A bullfrog skeleton (D:8)
  2 centaur skeletons
  2 orc priests
  A jelly (D:8)
  An iguana (D:3)
  4 orc wizards
  9 worker ants
  A hound skeleton (D:8)
  Robin (D:2)
  3 gnolls (D:8)
  A howler monkey skeleton (D:4)
  13 adders
  2 oozes
  An adder zombie (D:8)
  2 adder skeletons
  4 worms
  A dart slug (D:1)
  5 leopard geckos
  23 orcs
  2 ball pythons
  4 giant cockroaches
  17 goblins
  7 hobgoblins
  12 jackals
  13 kobolds
  6 quokkas
  6 bats
  4 frilled lizards
  2 quokka zombies
  4 rats
194 creatures vanquished.

Vanquished Creatures (collateral kills)
  A worker ant (D:7)
1 creature vanquished.

Grand Total: 195 creatures vanquished

Notes
Turn   | Place    | Note
-------+----------+-------------------------------------------
     0 | D:1      | KyoPewz the Tengu Air Elementalist began the quest for the
                  | Orb.
     0 | D:1      | Reached XP level 1. HP: 10/10 MP: 4/4
   147 | D:1      | Reached XP level 2. HP: 15/15 MP: 0/6
   719 | D:1      | Reached XP level 3. HP: 19/19 MP: 3/7
  1757 | D:2      | Reached XP level 4. HP: 9/24 MP: 1/9
  2017 | D:2      | Found a blossoming altar of Fedhas.
  2019 | D:2      | Found a shimmering blue altar of Sif Muna.
  2043 | D:2      | Learned a level 4 spell: Airstrike
  2238 | D:2      | Reached skill level 5 in Air Magic
  2644 | D:2      | Noticed Robin
  2678 | D:2      | Gained mutation: You can fly continuously. [Tengu growth]
  2678 | D:2      | Reached XP level 5. HP: 27/28 MP: 3/10
  2720 | D:2      | Killed Robin
  4243 | D:4      | Noticed Grinder
  4495 | D:4      | Paralysed by Grinder for 6 turns
  4504 | D:4      | Killed Grinder
  4504 | D:4      | Reached skill level 5 in Conjurations
  4504 | D:4      | Reached XP level 6. HP: 7/32 MP: 0/13
  4792 | D:4      | Reached XP level 7. HP: 26/36 MP: 8/14
  5062 | D:4      | Found a runed translucent door.
  5063 | D:4      | Noticed Crazy Yiuf
  5205 | D:4      | Noticed Menkaure
  5208 | D:4      | Killed Menkaure
  5538 | D:4      | Found a hazy altar of Hepliaklqana.
  5842 | D:5      | Entered Level 5 of the Dungeon
  6084 | D:5      | Reached XP level 8. HP: 36/41 MP: 6/16
  6182 | D:5      | Reached skill level 5 in Spellcasting
  6965 | D:5      | Found a bloodstained altar of Trog.
  7049 | D:6      | Found a burning altar of Makhleb.
  7599 | D:6      | Found Buschu Xacwa's General Store.
  7619 | D:6      | Found a shattered altar of Ashenzari.
  8119 | D:5      | Learned a level 5 spell: Lightning Bolt
  8231 | D:5      | Reached XP level 9. HP: 20/45 MP: 0/19
  8939 | D:7      | Found a basalt altar of Yredelemnul.
  8967 | D:7      | Found a shimmering altar of Xom.
  8975 | D:7      | Found a staircase to the Ecumenical Temple.
  8982 | Temple   | Entered the Ecumenical Temple
  8999 | Temple   | Became a worshipper of Vehumet
  9802 | D:8      | Found an opulent altar of Gozag.
  9810 | D:8      | Reached skill level 1 in Fighting
  9810 | D:8      | Reached skill level 10 in Air Magic
 10244 | D:8      | Noticed Gastronok
 10718 | D:8      | Found a white marble altar of Elyvilon.
 10796 | D:8      | Found a stormy altar of Qazlal.
 10991 | D:8      | Reached * piety under Vehumet
 10991 | D:8      | Offered knowledge of Foxfire by Vehumet.
 11801 | D:9      | Reached XP level 10. HP: 53/55 MP: 16/21
 11803 | D:9      | Offered knowledge of Freeze by Vehumet.
 11803 | D:9      | Noticed a two-headed ogre
 12231 | D:10     | Entered Level 10 of the Dungeon
 12276 | D:10     | Reached ** piety under Vehumet
 12276 | D:10     | Reached skill level 10 in Conjurations
 12297 | D:10     | Slain by a killer bee

Illustrated notes

Levels and vault maps discovered:
D:1:      tarquinn_simple_flora_water_f, layout_basic
D:2:      layout_basic, chequers_temple_overflow_statue_of_worship, uniq_robin
D:3:      layout_basic
D:4:      layout_cave_pods, lemuel_doored_altar, uniq_menkaure,
          uniq_crazy_yiuf_cottage, uniq_grinder
D:5:      layout_basic, old_standard_altar, first_ration
D:6:      layout_rooms, lemuel_round_altar, ashenzari_altar_1, serial_shops,
          nicolae_shop_crystal
D:7:      layout_basic, overflow_temple_1_default, lemuel_round_altar,
          minmay_temple_entry_wispy
D:8:      layout_basic, lemuel_round_altar, lemuel_round_altar,
          nicolae_gozag_cash_rules_everything_around_me, grunt_ogre_cave,
          uniq_gastronok
D:9:      layout_basic, erik_orc_4, special_room [special_room_orc], tso_altar
D:10:     layout_roguey, enter_bailey_3, nicolae_looking_at_the_future
Temple:   minmay_freezing_vapour_temple

Skill      XL: |  1  2  3  4  5  6  7  8  9 10 |
---------------+-------------------------------+-----
Conjurations   | 2 3 5 6 8 9 10 | 10.0
Air Magic      | 5 6 7 9 10 | 10.7
Spellcasting   | 3 4 6 7 |  7.2
Fighting       | 2 3 |  3.2
Dodging        | 4 |  4.3
Stealth        | |  2.0

Action                   |  1- 3 |  4- 6 |  7- 9 | 10-12 || total
-------------------------+-------+-------+-------+-------++-------
Melee: Club              |     7 |     6 |       |       ||    13
       Kick              |     2 |     3 |    11 |     2 ||    18
       Dagger            |       |    15 |     8 |       ||    23
       Peck              |       |     4 |     9 |     2 ||    15
       Spear             |       |       |    53 |    14 ||    67
 Cast: Shock             |    76 |    99 |   193 |     6 ||   374
       Airstrike         |       |     2 |    69 |    12 ||    83
 Abil: Fly               |       |       |     1 |       ||     1
       Stop Flying       |       |       |     1 |       ||     1
  Use: Scroll            |       |    10 |    10 |       ||    20
       Potion            |       |       |       |     1 ||     1
  Eat: Chunk             |     3 |     8 |    17 |       ||    28
       Ration            |       |     1 |     4 |     1 ||     6
Armor: Robe              |     8 |     1 |    13 |     4 ||    26
       Ring mail         |       |     1 |       |       ||     1
Dodge: Dodged            |    16 |    32 |   115 |    53 ||   216
